 Dungeon Crawl Stone Soup version 0.30.0-5-g1a98f26d00 (webtiles) character file.

Game seed: 12336591107582181504

8626 ragingrage the Destroyer (level 11, 0/81 HPs)
             Began as a Human Cinder Acolyte on May 10, 2023.
             Was a High Priest of Ignis.
             Succumbed to a salamander's poison
             ... in a volcano.
             The game lasted 00:17:49 (12821 turns).

ragingrage the Destroyer (Human Cinder Acolyte)    Turns: 12821, Time: 00:17:50

Health: 0/81       AC:  9    Str: 20    XL:     11   Next: 59%
Magic:  3/18       EV: 21    Int: 18    God:    Ignis [*****.]
Gold:   347        SH:  0    Dex:  5    Spells: 14/19 levels left

rFire   + + .        a - +3 morningstar (freeze)
rCold   + + .        (no shield)
rNeg    . . .        j - +0 ring mail
rPois   .            (no helmet)
rElec   .            l - scarf {rC+ rF+}
rCorr   .            n - +1 pair of gloves
SInv    .            v - +0 pair of boots
Will    .....        i - amulet "Maxtyo" {rC+ Regen+ Str+4 Dex-3}
Stlth   +            g - +5 ring of evasion
HPRegen 1.13/turn    s - +5 ring of evasion
MPRegen 0.16/turn

%: no passive effects
@: mighty, brilliant, lethally poisoned (0 -> -8)
A: no striking features
a: Renounce Religion, Fiery Armour, Foxfire Swarm, Rising Flame


You were in a volcano.
You worshipped Ignis.
Ignis was extremely pleased with you.
You visited 2 branches of the dungeon, and saw 9 of its levels.
You also visited: Volcano.

You collected 545 gold pieces.
You spent 198 gold pieces at shops.

Inventory:

Hand Weapons
 a - a +3 morningstar of freezing (weapon)
 b - a +0 sling of draining
Missiles
 o - 15 poisoned darts
Armour
 j - a +0 ring mail (worn)
 l - a scarf of resistance (worn)
 n - a +1 pair of gloves (worn)
 v - a +0 pair of boots (worn)
Jewellery
 g - a +5 ring of evasion (left hand)
 i - the amulet "Maxtyo" (around neck) {rC+ Regen+ Str+4 Dex-3}
   (You acquired it on level 6 of the Dungeon)

   [amulet of regeneration]

   Str:       It affects your strength (+4).
   Dex:       It affects your dexterity (-3).
   rC:        It protects you from cold.
   Regen:     It increases your rate of health regeneration.
 r - the amulet of Elemental Vulnerability {rPois rF-- rC-- AC+8}
   (You took it off a wight on level 6 of the Dungeon)

   [amulet of nothing]

   AC:        It affects your AC (+8).
   rF:        It makes you very vulnerable to fire.
   rC:        It makes you very vulnerable to cold.
   rPois:     It protects you from poison.
 s - a +5 ring of evasion (right hand)
Wands
 h - a wand of mindburst (2)
 y - a wand of polymorph (4)
Scrolls
 c - 3 scrolls of immolation
 f - 3 scrolls of identify
 k - a scroll of torment
 p - 2 scrolls of fog
 u - a scroll of amnesia
 z - a scroll of vulnerability
Potions
 d - a potion of ambrosia
 e - a potion of curing
 w - 2 potions of lignification
 x - a potion of cancellation


   Skills:
 + Level 5.7 Fighting
 - Level 8.0 Maces & Flails
 - Level 3.6 Armour
 + Level 4.2 Dodging
 - Level 3.0 Stealth
 + Level 4.8 Spellcasting
 + Level 10.4 Conjurations
 - Level 5.0 Fire Magic
 - Level 5.0 Earth Magic


You had 14 spell levels left.
You knew the following spells:

 Your Spells              Type           Power      Damage    Failure   Level
a - Scorch                Fire           66%        2d7       4%          2
b - Stone Arrow           Conj/Erth      96%        3d13      2%          3

Your spell library contained the following spells:

 Spells                   Type           Power      Damage    Failure   Level
 Sandblast                Erth           66%        2d15      2%          1
 Shock                    Conj/Air       100%       1d9       2%          1
 Static Discharge         Conj/Air       68%        2-5/arc   3%          2
 Passwall                 Tmut/Erth      16%        N/A       12%         2
 Apportation              Tloc           12%        N/A       22%         1
 Necrotise                Necr           24%        1d5       22%         1
 Summon Small Mammal      Summ           24%        N/A       22%         1
 Swiftness                Air            6%         N/A       54%         3
 Airstrike                Air            3%         2d(1-17)  91%         4
 Summon Lightning Spire   Summ/Air       6%         N/A       91%         4


Dungeon Overview and Level Annotations

Branches:
Dungeon (8/15)             Temple (0/1) D:7            Lair (1/5) D:8
Volcano (1/1)

Altars:
Cheibriados
Elyvilon
Gozag
Hepliaklqana
Nemelex Xobeh
Okawaru
Sif Muna
Uskayaw
Wu Jian
Zin

Shops:
D:2 :   D:5 !

Annotations:
D:7 3 runed translucent doors, exclusion: 2 downstairs, dialectric's ghost, novice DsFi


Message History

The salamander mystic completely misses you.
Aiming: Stone Arrow (mildly dangerous; 2% risk of failure)
Aim: a salamander mystic, wielding a +0 quarterstaff and wearing a +0 robe (severely wounded, 85% to hit)
You feel a surge of power!
The stone arrow hits the salamander mystic!
You feel very sick. The salamander barely misses you.
The salamander mystic gestures at you while chanting.
The bolt of magma misses you.
Aiming: Stone Arrow (mildly dangerous; 2% risk of failure)
Aim: a salamander mystic, wielding a +0 quarterstaff and wearing a +0 robe (almost dead, 85% to hit)
You feel a surge of power!
The stone arrow hits the salamander mystic!!
You kill the salamander mystic!
You feel very sick. The salamander misses you.
The salamander hits you from afar with a +1 trident of venom!
You are engulfed in flames.
You resist.
* * * LOW HITPOINT WARNING * * *
You feel better.
The salamander hits you from afar with a +1 trident of venom.
You are engulfed in flames.
You resist.
You are poisoned.
Aiming: Stone Arrow (mildly dangerous; 2% risk of failure)
Aim: a salamander, wielding a +1 trident of venom (fast, 85% to hit)
You feel a surge of power!
The stone arrow hits the salamander!
You feel sick.
The salamander hits you from afar with a +1 trident of venom.
* * * LOW HITPOINT WARNING * * *
You are engulfed in flames.
You resist.
* * * LOW HITPOINT WARNING * * *
You are more poisoned.
The salamander hits you from afar with a +1 trident of venom!
* * * LOW HITPOINT WARNING * * *
You are engulfed in flames.
You resist.
* * * LOW HITPOINT WARNING * * *
Aiming: Stone Arrow (mildly dangerous; 2% risk of failure)
Aim: a salamander, wielding a +1 trident of venom (lightly wounded, fast, 85% to hit)
You feel a surge of power!
The stone arrow hits the salamander!
You die...

≈≈§≈ ≈≈ ####### +.....+
.8_8. ... #N# ≈§≈ ≈≈.
#N# §§≈§§≈§# #)#
§§≈≈≈§≈.# #@# §§§≈§≈≈.#
#.# §≈§≈§§§.# #.#
≈§§≈≈≈≈.# #.#
§§§§≈≈≈.########'######
≈§§≈≈≈≈§..........§....
§§§§≈≈≈.§§≈≈≈§§§≈≈≈§≈≈≈
≈§§≈≈..≈§§≈≈≈§§≈≈≈§≈§≈§
§§≈..≈≈≈§§≈§≈≈§§≈≈§≈≈§


You could see 2 salamanders.

Vanquished Creatures
  5 death yaks
  A salamander mystic (Volcano)
  A lindwurm (Lair:1)
  A salamander (Volcano)
  A cane toad (Lair:1)
  A wraith (D:5)
  A fire bat (Volcano)
  A wyvern (Lair:1)
  An acid dragon (D:8)
  A water moccasin (D:7)
  An orc warrior (D:6)
  2 black bears
  3 centaurs
  An ogre (D:5)
  3 phantoms
  3 kobold brigands
  Blork the orc (D:5)
  6 bullfrogs
  5 scorpions
  9 wights
  3 killer bees (D:6)
  An electric eel (Lair:1)
  2 howler monkeys (D:6)
  5 lava snakes (Volcano)
  An orc priest (D:6)
  4 jellies
  2 hounds (D:6)
  A sleepcap (D:4)
  A gnoll bouda (D:6)
  6 iguanas
  5 orc wizards
  13 gnolls
  9 adders
  2 shadow imps (D:5)
  2 white imps
  2 worms (D:3)
  2 dart slugs (D:2)
  24 orcs
  3 bats (D:1)
  5 endoplasms
  3 giant cockroaches
  6 goblins
  5 hobgoblins
  2 jackals (D:4)
  4 ball pythons
  4 frilled lizards
  13 kobolds
  4 rats
182 creatures vanquished.

Vanquished Creatures (others)
  21 foxfires (D:2)
21 creatures vanquished.

Grand Total: 203 creatures vanquished

Notes
Turn   | Place    | Note
-------+----------+-------------------------------------------
     0 | D:1      | ragingrage the Human Cinder Acolyte began the quest for the
                  | Orb.
     0 | D:1      | Reached XP level 1. HP: 18/18 MP: 2/2
   352 | D:1      | Reached XP level 2. HP: 24/24 MP: 3/3
   976 | D:2      | Found Juttugra's Book Shoppe.
  1216 | D:2      | Reached XP level 3. HP: 29/29 MP: 4/4
  1345 | D:2      | Noticed a scorpion
  1355 | D:2      | Killed a scorpion
  1356 | D:2      | Reached XP level 4. HP: 25/35 MP: 5/5
  1615 | D:2      | Learned a level 2 spell: Scorch
  1811 | D:3      | Reached XP level 5. HP: 41/41 MP: 1/6
  2655 | D:4      | Noticed a phantom
  2674 | D:4      | Killed a phantom
  2675 | D:4      | Reached skill level 5 in Maces & Flails
  2675 | D:4      | Reached XP level 6. HP: 31/47 MP: 0/7
  3058 | D:4      | Reached skill level 5 in Fire Magic
  3145 | D:4      | Reached XP level 7. HP: 52/52 MP: 2/9
  3499 | D:5      | Entered Level 5 of the Dungeon
  4401 | D:5      | Noticed Blork the orc
  4407 | D:5      | Reached XP level 8. HP: 56/58 MP: 0/12
  4414 | D:5      | Killed Blork the orc
  4826 | D:5      | Found Qado's Distillery.
  5019 | D:2      | Bought a book of Geomancy for 198 gold pieces
  5023 | D:2      | Learned a level 3 spell: Stone Arrow
  5410 | D:6      | Reached skill level 1 in Armour
  5410 | D:6      | Reached skill level 1 in Stealth
  5418 | D:6      | Reached skill level 1 in Dodging
  5572 | D:6      | Reached skill level 1 in Conjurations
  5572 | D:6      | Reached skill level 1 in Earth Magic
  6226 | D:6      | Noticed a wraith
  6251 | D:6      | Reached XP level 9. HP: 64/64 MP: 4/13
  6270 | D:5      | Reached skill level 2 in Conjurations
  7306 | D:6      | Identified a scroll of acquirement
  7307 | D:6      | Acquired the amulet "Maxtyo" {rC+ Regen+ Str+4 Dex-3}
  7589 | D:6      | Reached skill level 3 in Conjurations
  8131 | D:7      | Found a runed translucent gate.
  8136 | D:7      | Found a runed translucent gate.
  8136 | D:7      | Noticed dialectric's ghost (novice DsFi)
  8137 | D:7      | Found a runed translucent gate.
  8661 | D:7      | Found a staircase to the Ecumenical Temple.
  8799 | D:7      | Reached skill level 4 in Conjurations
  8799 | D:7      | Reached XP level 10. HP: 73/73 MP: 2/14
  9770 | D:7      | Reached skill level 5 in Conjurations
  9770 | D:7      | Reached skill level 5 in Earth Magic
  9904 | D:8      | Noticed a death yak
  9906 | D:8      | Noticed a death yak
  9907 | D:8      | Noticed a death yak
  9909 | D:8      | Noticed a death yak
  9909 | D:8      | Noticed a death yak
  9941 | D:7      | Killed a death yak
  9942 | D:7      | Reached skill level 6 in Conjurations
 10235 | D:8      | Found a hide-covered altar of Uskayaw.
 10235 | D:8      | Found an iron altar of Okawaru.
 10235 | D:8      | Found an opulent altar of Gozag.
 10235 | D:8      | Found a glowing silver altar of Zin.
 10236 | D:8      | Found an ornate altar of the Wu Jian Council.
 10236 | D:8      | Found a sparkling altar of Nemelex Xobeh.
 10236 | D:8      | Found a hazy altar of Hepliaklqana.
 10237 | D:8      | Found a snail-covered altar of Cheibriados.
 10237 | D:8      | Found a white marble altar of Elyvilon.
 10238 | D:8      | Found a shimmering blue altar of Sif Muna.
 10242 | D:8      | Reached skill level 7 in Conjurations
 10479 | D:8      | Noticed a death yak
 10528 | D:7      | HP: 2/109 [death yak (21)]
 10530 | D:7      | Killed a death yak
 10531 | D:7      | Reached skill level 8 in Conjurations
 10845 | D:8      | Found a staircase to the Lair.
 10857 | D:7      | Killed a death yak
 10858 | D:7      | Reached skill level 9 in Conjurations
 11286 | D:8      | Killed a death yak
 11287 | D:8      | Reached XP level 11. HP: 69/78 MP: 3/16
 11528 | D:8      | Killed a death yak
 11529 | D:8      | Reached skill level 10 in Conjurations
 11930 | Lair:1   | Entered Level 1 of the Lair of Beasts
 12008 | Lair:1   | Reached skill level 5 in Fighting
 12364 | Lair:1   | Noticed a lindwurm
 12364 | Lair:1   | Found a dark tunnel.
 12389 | Lair:1   | Killed a lindwurm
 12489 | Volcano  | Entered a volcano
 12802 | Volcano  | Found a radiant altar of Vehumet.
 12802 | Volcano  | Noticed a salamander
 12802 | Volcano  | Noticed a salamander mystic
 12802 | Volcano  | Noticed a salamander
 12802 | Volcano  | Noticed a salamander
 12809 | Volcano  | Killed a salamander
 12818 | Volcano  | Killed a salamander mystic
 12820 | Volcano  | HP: 3/81 [salamander/+1 trident of venom (4)]
 12821 | Volcano  | Succumbed to a salamander's poison

Illustrated notes

Levels and vault maps discovered:
D:1:      lemuel_arrival_rhombus, layout_loops_corners
D:2:      layout_rooms, serial_shops, shop, minivault_19
D:3:      layout_basic
D:4:      layout_cave_pools, st_stairs_12
D:5:      layout_loops_cross, serial_shops, nicolae_shop_tiny_waterfront,
          uniq_blork_the_orc
D:6:      black_bear_nest_1, layout_loops_ring, minmay_bent
D:7:      layout_layer_cave, minmay_temple_entry_overgrown,
          gammafunk_ghost_nasty_kobolds
D:8:      layout_loops_ring, nicolae_overflows_in_rows, dpeg_lair_monsters
Lair:1:   statuecave_lemuel, layout_loops_ring, nicolae_volcano_entry_vermiform
Volcano:  volcano_lake [vl_original]

Skill      XL: |  1  2  3  4  5  6  7  8  9 10 11 |
---------------+----------------------------------+-----
Maces & Flails | 4 5 7 8 |  8.0
Fire Magic     | 4 5 |  5.0
Spellcasting   | 3 4 |  4.8
Armour         | 1 3 |  3.6
Stealth        | 1 3 |  3.0
Dodging        | 1 3 4 |  4.2
Conjurations   | 1 4 9 10 | 10.4
Earth Magic    | 1 4 5 |  5.0
Fighting       | 4 5 |  5.7

Action                     |  1- 3 |  4- 6 |  7- 9 | 10-12 || total
---------------------------+-------+-------+-------+-------++-------
  Melee: Mace              |    58 |   114 |     4 |       ||   176
         Punch             |       |     1 |     2 |     1 ||     4
         Flail             |       |       |   166 |       ||   166
         Whip              |       |       |     2 |       ||     2
         Morningstar       |       |       |       |    78 ||    78
  Throw: Dart              |       |     5 |     2 |    11 ||    18
   Cast: Scorch            |       |    37 |   187 |    33 ||   257
         Stone Arrow       |       |       |       |    59 ||    59
 Invoke: Foxfire Swarm     |     1 |       |       |       ||     1
         Fiery Armour      |       |       |     1 |       ||     1
    Use: Scroll            |     1 |       |    11 |     3 ||    15
         Potion            |       |     1 |     8 |     7 ||    16
 Armour: Robe              |     5 |       |       |       ||     5
         Ring mail         |     3 |    24 |    49 |    19 ||    95
  Dodge: Dodged            |    46 |   137 |   291 |   119 ||   593
